 Dungeon Crawl Stone Soup version 0.29-a0-67-g1d65ae1bb4 (webtiles) character file.

Game seed: 9414381404126685631

4 Gargoyl the Skirmisher (level 1, -2/23 HPs)
             Began as a Gnoll Abyssal Knight on Feb 3, 2022.
             Was an Initiate of Lugonu.
             Slain by a hobgoblin (3 damage)
             ... on level 1 of the Dungeon.
             The game lasted 00:00:05 (31 turns).

Gargoyl the Skirmisher (Gnoll Abyssal Knight)         Turns: 31, Time: 00:00:05

Health: -2/23      AC:  3    Str: 12    XL:     1   Next: 70%
Magic:  3/3        EV: 12    Int:  9    God:    Lugonu [......]
Gold:   0          SH:  0    Dex: 12    Spells: 0/0 levels left

rFire   . . .      SeeInvis .   a - +1 hand axe
rCold   . . .      Faith    .   (no shield)
rNeg    . . .      Spirit   .   b - +0 leather armour
rPois   .          Reflect  .   (no helmet)
rElec   .          Harm     .   (no cloak)
rCorr   .          Rampage  .   (no gloves)
Will    .....                   (no boots)
Stlth   +.........              (no amulet)
HPRegen 0.07/turn               (no ring)
MPRegen 0.08/turn               (no ring)

@: no status effects
A: fangs 1, strong nose, distributed training
a: Renounce Religion


You were on level 1 of the Dungeon.
You worshipped Lugonu.
Lugonu was noncommittal.
You visited 1 branch of the dungeon, and saw 1 of its levels.
You visited the Abyss 1 time.

Inventory:

Hand Weapons
 a - a +1 hand axe (weapon)
Armour
 b - a +0 leather armour (worn)


   Skills:
 + Level 6.4 Fighting
 + Level 0.1 Short Blades
 + Level 0.1 Long Blades
 + Level 4.4 Axes
 + Level 0.1 Maces & Flails
 + Level 0.1 Polearms
 + Level 0.1 Staves
 + Level 0.1 Slings
 + Level 0.1 Bows
 + Level 0.1 Crossbows
 + Level 0.1 Throwing
 + Level 4.4 Armour
 + Level 2.4 Dodging
 + Level 0.1 Stealth
 + Level 0.1 Shields
 + Level 0.1 Unarmed Combat
 + Level 0.1 Spellcasting
 + Level 0.1 Conjurations
 + Level 0.1 Hexes
 + Level 0.1 Summonings
 + Level 0.1 Necromancy
 + Level 0.1 Translocations
 + Level 0.1 Transmutations
 + Level 0.1 Fire Magic
 + Level 0.1 Ice Magic
 + Level 0.1 Air Magic
 + Level 0.1 Earth Magic
 + Level 0.1 Poison Magic
 + Level 4.4 Invocations
 + Level 0.1 Evocations


You couldn't memorise any spells.
You didn't know any spells.
Your spell library was empty.

Dungeon Overview and Level Annotations

Branches:
Dungeon (1/15)

Altars:


Innate Abilities, Weirdness & Mutations

You have very sharp teeth.
Your uncanny sense of smell can sniff out nearby items.
Your experience applies equally to all skills.


Message History

You hit the ball python.
You kill the ball python!
Lugonu accepts your kill.
You barely miss the hobgoblin. You hit the quokka.
You barely miss the endoplasm. The hobgoblin barely misses you.
The quokka closely misses you.
The endoplasm hits you but does no damage.
The hobgoblin hits you but does no damage.
The endoplasm hits you but does no damage.
You see here a ball python corpse.
Unknown command.
You hit the rat but do no damage. You hit the endoplasm.
You closely miss the quokka. You closely miss the hobgoblin.
The quokka bites you. The hobgoblin hits you. The rat barely misses you.
The endoplasm hits you.
You hit the rat.
The rat is moderately wounded.
You closely miss the hobgoblin. You closely miss the quokka.
You hit the endoplasm. The quokka barely misses you.
The hobgoblin barely misses you. The rat misses you. The endoplasm freezes you.
You are frozen.
* * * LOW HITPOINT WARNING * * *
The quokka bites you.
* * * LOW HITPOINT WARNING * * *
You hit the rat but do no damage.
The rat is moderately wounded.
You hit the hobgoblin. You closely miss the quokka. You hit the endoplasm.
You kill the endoplasm!
Lugonu accepts your kill. The hobgoblin misses you. The rat bites you.
* * * LOW HITPOINT WARNING * * *
The quokka misses you.
You barely miss the hobgoblin.
The hobgoblin is moderately wounded.
You barely miss the quokka. You hit the rat. The hobgoblin closely misses you.
The quokka bites you.
* * * LOW HITPOINT WARNING * * *
The rat misses you. The hobgoblin hits you.
You die...

.....
########....
#..........
#........?#
#.........#
#.........#
.......r..#
#.....g@..#####
.....##r#......
≈≈≈.§.#)...≈≈≈≈
≈§≈§......≈≈≈≈≈
≈§≈≈......≈≈≈≈≈
≈§≈§§.....≈≈≈≈≈
≈≈≈§§##'#..≈≈≈≈
...!###.##.....
###.+.><.+.#..#


You could see a quokka, a hobgoblin and a rat.

Vanquished Creatures
  An endoplasm (D:1)
  A goblin (D:1)
  2 ball pythons (D:1)
  A rat (D:1)
5 creatures vanquished.

Notes
Turn   | Place    | Note
-------+----------+-------------------------------------------
     0 | Abyss:1  | Gargoyl the Gnoll Abyssal Knight began the quest for the
                  | Orb.
     0 | Abyss:1  | Reached XP level 1. HP: 23/23 MP: 3/3
     0 | D:1      | Escaped the Abyss
    31 | D:1      | HP: 1/23 [quokka (1)]
    31 | D:1      | Slain by a hobgoblin

Illustrated notes

Levels and vault maps discovered:
D:1:      dpeg_arrival_pits, layout_basic, ebering_ecumenical_altar_hall

Action                   || total
-------------------------++-------
Melee: Hand axe          ||    10
Invok: Depart the Abyss  ||     1
Armor: Leather armour    ||     5
Dodge: Dodged            ||    25

Table legend: (Time is in decaauts)
 A = Elapsed time spent in this place.
 B = Non-inter-level travel time spent in this place.
 C = Inter-level travel time spent in this place.
 D = Time resting spent in this place.
 E = Time spent auto-exploring this place.
 F = Levels seen in this place.
 G = Mean time per level.
                   A        B        C        D        E       F      G
               +--------+--------+--------+--------+--------+-----+--------+
         Total |     31 |     31 |      0 |      0 |     14 |   2 |   15.5 |
       Dungeon |     31 |     31 |      0 |      0 |     14 |   1 |   31.0 |
         Abyss |      0 |      0 |      0 |      0 |      0 |   1 |    0.0 |
               +--------+--------+--------+--------+--------+-----+--------+

Top non-repeatable levels by time:
     D:1: 31 daAuts
